 Dungeon Crawl Stone Soup version 0.25.1-2-g60ff931df9 (webtiles) character file.

Game seed: 5548316297045937937

3107 Araneus the Grappler (level 9, -4/70 HPs)
             Began as a Ghoul Monk on Oct 14, 2020.
             Was an Elder of Okawaru.
             Slain by a two-headed ogre
             ... wielding a +0 giant club
              (14 damage)
             ... on level 8 of the Dungeon.
             The game lasted 00:33:54 (10341 turns).

Araneus the Grappler (Ghoul Monk)                  Turns: 10341, Time: 00:33:55

Health: -4/70      AC: 12    Str: 18    XL:     9   Next: 90%
Magic:  11/11      EV:  6    Int:  5    God:    Okawaru [****..]
Gold:   144        SH:  0    Dex: 11    Spells: 6/8 levels left

rFire    + . .     SeeInvis .     - Unarmed
rCold    + . .     Gourm    .   (no shield)
rNeg     + + +     Faith    .   m - +0 plate armour
rPois    ∞         Spirit   .   (no helmet)
rElec    .         Reflect  .   (no cloak)
rCorr    .         Harm     .   (no gloves)
MR       .....                  (no boots)
Stlth    ..........             (no amulet)
HPRegen  0.00/turn              (no ring)
MPRegen  0.12/turn              j - ring of protection from fire

@: rotting
A: rotting body, claws 1, carnivore, cold resistance 1, negative energy
resistance 3, inhibited regeneration, torment resistance, unbreathing
a: Heroism, Renounce Religion


You were on level 8 of the Dungeon.
You worshipped Okawaru.
Okawaru was greatly pleased with you.
You were very hungry.

You visited 2 branches of the dungeon, and saw 9 of its levels.

You collected 445 gold pieces.
You spent 301 gold pieces at shops.

Inventory:

Armour
 m - a +0 plate armour (worn)
Jewellery
 d - an uncursed ring of ice
 f - an uncursed ring of magical power
 j - a ring of protection from fire (right claw)
 C - an uncursed ring of fire
Wands
 o - a wand of digging (1)
 p - a wand of polymorph (5)
Scrolls
 g - 3 scrolls of remove curse
 l - 3 scrolls of magic mapping
 r - a scroll of random uselessness {unknown}
 w - a scroll of noise {unknown}
 x - 2 scrolls of enchant weapon {unknown}
 B - 2 scrolls of brand weapon {unknown}
Potions
 c - 2 potions of magic
 e - 2 potions of ambrosia
 h - a potion of brilliance
 i - a potion of curing
 s - a potion of resistance
 v - a potion of stabbing
 z - a potion of might
 A - 3 potions of cancellation
Comestibles
 b - 5 rations


   Skills:
 - Level 3.2 Fighting
 * Level 6.2 Armour
 - Level 2.6 Dodging
 - Level 2.1 Stealth
 + Level 11.6 Unarmed Combat
 * Level 4.1 Invocations
 * Level 2.4 Evocations


You had 6 spell levels left.
You knew the following spells:

 Your Spells              Type           Power        Failure   Level  Hunger
a - Blink                 Tloc           N/A          100%        2    ###....

Your spell library contained the following spells:

 Spells                   Type           Power        Failure   Level  Hunger
 Magic Dart               Conj           #...         100%        1    ##.....
 Call Imp                 Summ           #.......     100%        2    ###....
 Slow                     Hex            #.......     100%        2    ###....
 Confusing Touch          Hex            #.......     100%        3    ####...
 Conjure Flame            Conj/Fire      #.......     100%        3    ####...
 Gell's Gravitas          Tloc           #.........   100%        3    ####...
 Mephitic Cloud           Conj/Pois/Air  #.......     100%        3    ####...
 Petrify                  Tmut/Erth      #.......     100%        4    #####..
 Metabolic Englaciation   Hex/Ice        #.........   100%        5    ######.
 Yara's Violent Unravell  Hex/Tmut       #.........   100%        5    ######.


Dungeon Overview and Level Annotations

Branches:
Dungeon (8/15)             Temple (1/1) D:6
   Lair: D:8-11

Altars:
Ashenzari
Cheibriados
Dithmenos
Elyvilon
Fedhas
Gozag
Hepliaklqana
Kikubaaqudgha
Makhleb
Nemelex Xobeh
Okawaru
Qazlal
Ru
Sif Muna
Trog
Uskayaw
Vehumet
Wu Jian
Xom
Yredelemnul
Zin
The Shining One

Shops:
D:4 [   D:7 ****?

Annotations:
D:4 Edmund


Innate Abilities, Weirdness & Mutations

Your body is rotting away.
You thrive on raw meat.
You are immune to poison.
You have sharp fingernails.
You are carnivorous and can eat meat at any time.
Your flesh is cold resistant. (rC+)
You are immune to negative energy. (rN+++)
You do not regenerate when monsters are visible.
You are immune to unholy pain and torment.
You can survive without breathing.


Message History

Aiming: Polymorph
Press: ? - help, Shift-Dir - straight line, f - two-headed ogre
Aim: a two-headed ogre, wielding two +0 giant clubs (fleeing, chance to defeat MR: 35%)
Your attack snaps the two-headed ogre out of its fear.
The two-headed ogre easily resists.
You are feeling very hungry.
An orc comes into view. It is wielding a +2 trident of venom.
Evoke which item? (* to show all) (? for menu, Esc to quit)
Aiming: Polymorph
Press: ? - help, Shift-Dir - straight line, f/p - two-headed ogre
Aim: a two-headed ogre, wielding two +0 giant clubs (chance to defeat MR: 35%)
The two-headed ogre easily resists.
The two-headed ogre hits you with a +0 giant club!
The two-headed ogre hits you with a +0 giant club.
You claw the two-headed ogre!
The two-headed ogre is moderately wounded.
The two-headed ogre hits you with a +0 giant club!
* * * LOW HITPOINT WARNING * * *
The two-headed ogre hits you with a +0 giant club!
You die...

,,,,,,,,,,,,,,,,,,,,,,,,*
,,,,,,,,,...............*
**,,,,,<....>...........*
,*,,,,,..)..............*
,+,,,,..................#
**,,,,..................#
,,,,,,..................#
,,,,,,..........O.......#
,,,,,,..........@.......#
,,,,,,............?.....#
,,,,,,.......((.........#
,,,,,,.......().........#
,,****................c.#
,,*,,*.....o......#####[#
,,*,,*...F........##_##.#
,,*,,*..^.........##'##.#
,,*,,*.......!....#...#.#


You could see a two-headed ogre, a bullfrog (fleeing), a centaur (fleeing) and
an orc.

Vanquished Creatures
  A hungry ghost (D:7)
  A water moccasin (D:8)
  Duvessa (D:6)
  An ice beast (D:5)
  2 sky beasts
  2 phantoms
  6 ogres
  2 necrophages
  3 centaurs
  3 bullfrogs (D:7)
  Dowan (D:6)
  2 scorpions
  3 jellies
  2 crimson imps (D:7)
  2 howler monkeys
  A centaur skeleton (D:4)
  5 orc wizards
  A bullfrog skeleton (D:7)
  4 orc priests
  2 hounds
  Jessica (D:3)
  2 iguanas
  4 worker ants
  A killer bee zombie (D:5)
  3 hound skeletons
  A hound zombie (D:6)
  A worker ant zombie (D:8)
  6 adders
  A shadow imp (D:5)
  2 adder skeletons
  2 worms
  3 dart slugs (D:2)
  8 leopard geckos
  25 orcs
  2 ball pythons
  4 giant cockroaches
  5 goblins
  3 hobgoblins
  11 jackals
  3 quokkas
  A ball python skeleton (D:6)
  6 bats
  6 frilled lizards
  A jackal zombie (D:8)
  3 kobolds
  A quokka skeleton (D:4)
  10 rats
161 creatures vanquished.

Vanquished Creatures (others)
  A human (D:2)
  A quokka (D:7)
2 creatures vanquished.

Grand Total: 163 creatures vanquished

Notes
Turn   | Place    | Note
-------+----------+-------------------------------------------
     0 | D:1      | Araneus the Ghoul Monk began the quest for the Orb.
     0 | D:1      | Reached XP level 1. HP: 19/19 MP: 0/0
   274 | D:1      | Reached XP level 2. HP: 23/26 MP: 1/1
   393 | D:1      | Reached skill level 4 in Unarmed Combat
  1124 | D:2      | Found a blossoming altar of Fedhas.
  1165 | D:2      | Reached XP level 3. HP: 17/31 MP: 2/2
  1573 | D:2      | Reached skill level 5 in Unarmed Combat
  1984 | D:2      | Reached XP level 4. HP: 34/38 MP: 3/3
  2029 | D:2      | Found an ancient bone altar of Kikubaaqudgha.
  2031 | D:2      | Noticed a human
  2032 | D:2      | Killed a human
  2240 | D:2      | Found a burning altar of Makhleb.
  2402 | D:3      | Found a radiant altar of Vehumet.
  2547 | D:3      | Reached skill level 6 in Unarmed Combat
  2547 | D:3      | Reached XP level 5. HP: 34/45 MP: 4/4
  2951 | D:3      | Found a glowing golden altar of the Shining One.
  3287 | D:3      | Found an ornate altar of the Wu Jian Council.
  3455 | D:3      | Noticed Jessica
  3461 | D:3      | Killed Jessica
  3461 | D:3      | Reached skill level 7 in Unarmed Combat
  3461 | D:3      | Reached XP level 6. HP: 51/51 MP: 5/5
  3690 | D:4      | Found a sparkling altar of Nemelex Xobeh.
  3747 | D:4      | Found Fiecwuo's Antique Armour Boutique.
  4023 | D:4      | Noticed Edmund
  4129 | D:4      | Reached skill level 8 in Unarmed Combat
  4440 | D:5      | Entered Level 5 of the Dungeon
  4440 | D:5      | Noticed a necrophage
  4444 | D:5      | Found an opulent altar of Gozag.
  4539 | D:4      | Killed a necrophage
  4539 | D:4      | Reached XP level 7. HP: 10/57 MP: 6/6
  5159 | D:5      | Learned a level 2 spell: Blink
  5177 | D:5      | Reached skill level 9 in Unarmed Combat
  5831 | D:6      | Noticed Dowan
  5832 | D:6      | Noticed Duvessa
  5839 | D:5      | Reached skill level 1 in Armour
  5845 | D:6      | Found a staircase to the Ecumenical Temple.
  5867 | Temple   | Entered the Ecumenical Temple
  6015 | Temple   | Became a worshipper of Warmaster Okawaru
  6015 | Temple   | Reached * piety under Okawaru
  6015 | Temple   | Reached ** piety under Okawaru
  6250 | D:6      | Killed Duvessa
  6250 | D:6      | Reached XP level 8. HP: 51/57 MP: 7/7
  6280 | D:6      | Killed Dowan
  6280 | D:6      | Reached skill level 1 in Invocations
  6510 | D:6      | Found a stormy altar of Qazlal.
  6758 | D:6      | Reached skill level 10 in Unarmed Combat
  8190 | D:7      | Found Mow Keorph's Magic Scroll Shoppe.
  8202 | D:7      | Found Kupt's Assorted Antiques.
  8216 | D:7      | Reached XP level 9. HP: 56/70 MP: 10/10
  8287 | D:7      | Bought a scroll of fear for 49 gold pieces
  8287 | D:7      | Bought a scroll of magic mapping for 49 gold pieces
  8287 | D:7      | Bought a scroll of fear for 49 gold pieces
  8313 | D:7      | Bought 2 scrolls labeled DAJERI WARCH for 44 gold pieces
  8313 | D:7      | Bought an encrusted jade ring for 110 gold pieces
  8328 | D:7      | Found Vaazuitso's General Store.
  8338 | D:7      | Reached *** piety under Okawaru
  8342 | D:7      | Reached skill level 1 in Evocations
  8572 | D:7      | Found a white marble altar of Elyvilon.
  8619 | D:7      | Reached skill level 11 in Unarmed Combat
  8754 | D:7      | Found a snail-covered altar of Cheibriados.
  8767 | D:7      | Reached skill level 5 in Armour
  8791 | D:7      | Found Beteizia's General Store.
  8851 | D:7      | Found Zexen's Assorted Antiques.
  9738 | D:8      | Reached **** piety under Okawaru
  9846 | D:8      | Found a shimmering blue altar of Sif Muna.
 10051 | D:8      | Found a burning altar of Makhleb.
 10110 | D:8      | Noticed a two-headed ogre
 10341 | D:8      | Slain by a two-headed ogre

Illustrated notes

Levels and vault maps discovered:
D:1:      lightli_arrival_maybe_door_vault, layout_basic
D:2:      layout_basic, fedhas_ov_isle_minmay, lightli_temple_of_fire,
          first_ration, tgw_kikubaaqudgha
D:3:      layout_loops_ring, overflow_temple_1_default,
          overflow_temple_1_default, fiery_altar_vehumet, serial_bayou_pond_e,
          uniq_jessica
D:4:      layout_basic, nemelex_xobeh_ov_fountains_minmay, serial_shops, shop,
          sigmund_edmund_badplayer
D:5:      layout_cave_pools, overflow_temple_1_default
D:6:      layout_basic, nicolae_overflow_crystal_walls,
          minmay_temple_entry_offerings, uniq_duvessa
D:7:      layout_gridville, elyvilon_altar_4, cheibriados_altar_1, serial_shops,
          shop, shop, kennysheep_mini, shop_fountains, shop_coins,
          uniq_crazy_yiuf_cottage
D:8:      layout_gridville, lemuel_blue_sif_altar, basic_altar
Temple:   minmay_temple_curvy_loop

Skill      XL: |  1  2  3  4  5  6  7  8  9 |
---------------+----------------------------+-----
Unarmed Combat | 4 5 6 7 8 9 10 11 | 11.6
Armour         | 1 4 6 |  6.2
Invocations    | 2 4 |  4.1
Evocations     | 2 |  2.4
Fighting       | |  3.2
Dodging        | |  2.6
Stealth        | |  2.1

Action                   |  1- 3 |  4- 6 |  7- 9 || total
-------------------------+-------+-------+-------++-------
Melee: Unarmed           |   113 |   122 |   379 ||   614
       Punch             |       |     4 |    10 ||    14
Evoke: Wand              |       |     4 |     4 ||     8
  Use: Scroll            |       |    11 |     9 ||    20
       Potion            |       |     6 |     2 ||     8
 Stab: Sleeping          |     6 |     3 |       ||     9
       Distracted        |     1 |       |       ||     1
       Confused          |       |       |     1 ||     1
       Fleeing           |       |       |     1 ||     1
  Eat: Chunk             |     8 |     7 |    19 ||    34
       Ration            |       |       |     2 ||     2
Armor: Robe              |    18 |    11 |       ||    29
       Chain mail        |       |       |   168 ||   168
       Plate armour      |       |       |    26 ||    26
Dodge: Dodged            |    70 |    56 |   162 ||   288
